 Dungeon Crawl Stone Soup version 0.29-a0-330-g52719c12eb (webtiles) character file.

Game seed: 5040650021315897179

389 dohliylev the Ruffian (level 6, -8/59 HPs)
             Began as a Troll Warper on May 11, 2022.
             Mangled by an ogre
             ... wielding a +0 giant spiked club
              (17 damage)
             ... on level 4 of the Dungeon.
             The game lasted 00:06:11 (3366 turns).

dohliylev the Ruffian (Troll Warper)                Turns: 3366, Time: 00:06:12

Health: -8/59      AC:  4    Str: 22    XL:     6   Next: 49%
Magic:  7/7        EV: 10    Int:  9    God:
Gold:   266        SH:  0    Dex:  9    Spells: 7/7 levels left

rFire   . . .      SeeInvis .     - Unarmed
rCold   . . .      Faith    .   q - orb {mayhem}
rNeg    . . .      Spirit   .   a - +0 robe
rPois   .          Reflect  .   (helmet restricted)
rElec   .          Harm     .   (no cloak)
rCorr   .          Rampage  .   (gloves unavailable)
Will    .....                   (boots unavailable)
Stlth   +.........              (no amulet)
HPRegen 0.99/turn               (no ring)
MPRegen 0.10/turn               (no ring)

@: no status effects
A: large, unfitting armour, claws 3, regeneration 1, shaggy fur 1, tough skin 1
a: no special abilities


You were on level 4 of the Dungeon.
You visited 1 branch of the dungeon, and saw 4 of its levels.

You collected 266 gold pieces.

Inventory:

Missiles
 c - 3 boomerangs of dispersal (quivered)
Armour
 a - a +0 robe (worn)
 g - a +0 cloak
 q - an orb of mayhem (worn)
Jewellery
 l - a ring of ice
Scrolls
 b - 2 scrolls of blinking
 d - 5 scrolls of identify {unknown}
 h - 2 scrolls of teleportation {unknown}
 i - a scroll of fear {unknown}
 j - a scroll of fog {unknown}
 k - a scroll of acquirement {unknown}
 m - a scroll of noise {unknown}
Potions
 e - a potion of attraction {unknown}
 f - 2 potions of curing {unknown}
 n - 2 potions of haste {unknown}
 o - a potion of degeneration {unknown}
 p - 2 potions of resistance {unknown}
 r - 2 potions of heal wounds {unknown}
 s - a potion of flight {unknown}


   Skills:
 + Level 2.4 Fighting
 + Level 1.2 Throwing
 + Level 2.8 Dodging
 + Level 5.3 Unarmed Combat
 + Level 1.4 Spellcasting
 + Level 2.7 Translocations


You had 7 spell levels left.
You didn't know any spells.
Your spell library contained the following spells:

 Spells                   Type           Power      Damage    Failure   Level
 Blink                    Tloc           10%        N/A       17%         2
 Gell's Gravitas          Tloc           5%         N/A       34%         3
 Lesser Beckoning         Tloc           5%         N/A       34%         3
 Teleport Other           Tloc           5%         N/A       34%         3
 Static Discharge         Conj/Air       0%         N/A       47%         2
 Frozen Ramparts          Ice            0%         1d2       71%         3
 Inner Flame              Hex/Fire       0%         N/A       71%         3
 Manifold Assault         Tloc           5%         N/A       97%         5
 Cause Fear               Hex            0%         N/A       98%         4
 Sticky Flame             Conj/Fire      0%         2d3       98%         4
 Summon Ice Beast         Ice/Summ       0%         N/A       98%         4
 Discord                  Hex            0%         N/A       100%        8


Dungeon Overview and Level Annotations

Branches:
Dungeon (4/15)
 Temple: D:4-7

Altars:

Shops:
D:3 !

Annotations:
D:3 2 transporters, dohliylev's ghost, amateur TrGl


Innate Abilities, Weirdness & Mutations

You are too large for most types of armour.
You have claws for hands.
Your natural rate of healing is unusually fast.
You are covered in fur. (AC +1)
You have tough skin. (AC +1)


Message History

You throw a boomerang of dispersal.
The boomerang of dispersal barely misses WLBjork's ghost.
WLBjork's ghost barely misses you.
Throw: 4 boomerangs (disperse)
Press: ? - help, Q - select action Shift-Dir - straight line, f/p - WLBjork's ghost
Aim: WLBjork's ghost (50% to hit)
You throw a boomerang of dispersal.
The boomerang of dispersal hits WLBjork's ghost.
WLBjork's ghost blinks!
WLBjork's ghost is lightly damaged.
WLBjork's ghost lets out a mournful wail.
There is a transporter here.
You see here a +0 leather armour.
WLBjork's ghost wails, "What do you have that I didn't have?"
WLBjork's ghost hits you but does no damage.
You claw WLBjork's ghost!
WLBjork's ghost is severely damaged.
You claw WLBjork's ghost!
WLBjork's ghost is almost destroyed.
WLBjork's ghost barely misses you.
You barely miss WLBjork's ghost.
WLBjork's ghost is almost destroyed.
WLBjork's ghost hits you.
You claw WLBjork's ghost!
You destroy WLBjork's ghost!
You see here a +0 leather armour.
Partly explored, can't reach some places.
There is a transporter here.
You enter the transporter and appear at another place.
The ogre hits you with a +0 giant spiked club!!
You claw the ogre!
The ogre is moderately wounded.
The ogre hits you with a +0 giant spiked club!!
* * * LOW HITPOINT WARNING * * *
You completely miss the ogre.
The ogre is moderately wounded.
You claw the ogre!
The ogre is almost dead.
The ogre hits you with a +0 giant spiked club!
You die...

#..................#.#.##..##
#.####.....©.©.....#.#....≈.#
##.##################.#......####
.......#....!(....©##.#...≈≈.....
#.######..##...##..##.##.≈...###.
#.# #.#..#.#..#.##.#......# #.
#.# #.#..#.#..#.##....≈..## #.
#[# #..##...##..#.#......# #. #.#
#.....©OO@..##......## #. #.#
##############.#...## #. #.# #.#
######.##.#######. #.# #.#
#................. #.# #.#
#.####.##.######## #.#### #.# #.#
#.##.# .....####.## ##.## #.##.##
#..........####...###.#...#
####.####...[.............#


You could see 2 ogres.

Vanquished Creatures
  A black bear (D:4)
  A phantom (D:4)
  The ghost of WLBjork the Sneak, an amateur VSBr (D:4)
  A jelly (D:4)
  3 adders
  A worm (D:2)
  3 dart slugs (D:2)
  6 orcs (D:3)
  2 ball pythons
  7 endoplasms
  A giant cockroach (D:4)
  4 goblins
  6 hobgoblins
  3 jackals (D:2)
  12 kobolds
  4 quokkas
  8 bats
  5 frilled lizards
  7 rats
76 creatures vanquished.

Notes
Turn   | Place    | Note
-------+----------+-------------------------------------------
     0 | D:1      | dohliylev the Troll Warper began the quest for the Orb.
     0 | D:1      | Reached XP level 1. HP: 19/19 MP: 1/1
   196 | D:1      | Reached XP level 2. HP: 28/28 MP: 3/3
   480 | D:1      | Reached skill level 1 in Throwing
   641 | D:2      | Reached XP level 3. HP: 35/35 MP: 4/4
  1280 | D:2      | Reached skill level 3 in Unarmed Combat
  1300 | D:2      | Reached XP level 4. HP: 42/42 MP: 5/5
  1652 | D:3      | Found Tyciry's Distillery.
  1694 | D:3      | Noticed dohliylev's ghost (amateur TrGl)
  1702 | D:3      | Found a transporter.
  1710 | D:3      | Found a transporter.
  2099 | D:3      | Got the Incunabulum of Cold and Attacks
  2187 | D:3      | HP: 1/42 [orc/+0 falchion (5)]
  2407 | D:4      | Reached XP level 5. HP: 39/49 MP: 6/6
  2524 | D:4      | Reached skill level 4 in Unarmed Combat
  2558 | D:4      | Noticed a black bear
  2577 | D:4      | Killed a black bear
  2715 | D:4      | Found a transporter.
  2715 | D:4      | Noticed an ogre
  2716 | D:4      | Found a transporter.
  2716 | D:4      | Noticed WLBjork's ghost (amateur VSBr)
  2716 | D:4      | Identified the +8 dire flail "Zaxap" {protect, Drain rN++
                  | Int+3}
  2716 | D:4      | Noticed an ogre
  2716 | D:4      | Noticed an ogre
  2810 | D:4      | Noticed a phantom
  2826 | D:4      | Killed a phantom
  2827 | D:4      | Reached skill level 5 in Unarmed Combat
  2827 | D:4      | Reached XP level 6. HP: 46/58 MP: 7/7
  3327 | D:4      | Killed WLBjork's ghost
  3366 | D:4      | Mangled by an ogre

Illustrated notes

Levels and vault maps discovered:
D:1:      scummos_arrival_gate, layout_basic, kennysheep_nondescript
D:2:      layout_basic, serial_curves, eino_curves_04, eino_curves_01,
          eino_curves_04, minmay_pentomino_o2
D:3:      layout_loops_ring, serial_shops, nicolae_shop_statue_plus,
          gammafunk_ghost_arena, kennysheep_generic_room_5
D:4:      layout_loops_ring, gammafunk_ghost_smash, serial_rivers,
          chequers_serial_rivers_small_3, chequers_serial_rivers_micro_c,
          chequers_serial_rivers_micro_e, chequers_serial_rivers_room_b,
          chequers_serial_rivers_small_b

Skill      XL: |  1  2  3  4  5 |
---------------+----------------+-----
Dodging        | 2 |  2.8
Throwing       | 1 |  1.2
Fighting       | 2 |  2.4
Unarmed Combat | 3 5 |  5.3
Spellcasting   | |  1.4
Translocations | |  2.7

Action                   |  1- 3 |  4- 6 || total
-------------------------+-------+-------++-------
Melee: Unarmed           |   121 |   122 ||   243
       Punch             |     1 |     1 ||     2
Throw: Boomerang         |       |     5 ||     5
 Stab: Sleeping          |       |     1 ||     1
Armor: Robe              |    44 |    32 ||    76
Dodge: Dodged            |    60 |    40 ||   100

Table legend: (Time is in decaauts)
 A = Elapsed time spent in this place.
 B = Non-inter-level travel time spent in this place.
 C = Inter-level travel time spent in this place.
 D = Time resting spent in this place.
 E = Time spent auto-exploring this place.
 F = Levels seen in this place.
 G = Mean time per level.
                   A        B        C        D        E       F      G
               +--------+--------+--------+--------+--------+-----+--------+
         Total |   3360 |   3278 |     82 |    167 |   2422 |   4 |  840.0 |
       Dungeon |   3360 |   3278 |     82 |    167 |   2422 |   4 |  840.0 |
               +--------+--------+--------+--------+--------+-----+--------+

Top non-repeatable levels by time:
     D:4: 1023 daAuts
     D:2: 972 daAuts
     D:3: 770 daAuts
     D:1: 595 daAuts
